 Dungeon Crawl Stone Soup version 0.29.1-1-gd02db6906a (webtiles) character file.

Game seed: 15470162055308486333

30 LustLizard the Vexing (level 3, 0/20 HPs)
             Began as a Deep Elf Arcane Marksman on Oct 10, 2022.
             Was an Initiate of Hepliaklqana.
             Slain by a black bear (6 damage)
             ... on level 4 of the Dungeon.
             The game lasted 00:04:15 (1406 turns).

LustLizard the Vexing (Deep Elf Arcane Marksman)    Turns: 1406, Time: 00:04:16

Health: 0/20       AC:  2    Str:  7    XL:     3   Next: 3%
Magic:  8/8        EV: 13    Int: 17    God:    Hepliaklqana [......]
Gold:   103        SH:  0    Dex: 17    Spells: 4/6 levels left

rFire   . . .      SeeInvis .   a - +1 sling
rCold   . . .      Faith    .   (no shield)
rNeg    . . .      Spirit   .   c - +0 robe
rPois   .          Reflect  .   (no helmet)
rElec   .          Harm     .   (no cloak)
rCorr   .          Rampage  .   (no gloves)
Will    .....                   (no boots)
Stlth   ++........              (no amulet)
HPRegen 0.06/turn               (no ring)
MPRegen 0.11/turn               (no ring)

@: no status effects
A: no striking features
a: Renounce Religion


You were on level 4 of the Dungeon.
You worshipped Hepliaklqana.
Hepliaklqana was noncommittal.
You visited 2 branches of the dungeon, and saw 4 of its levels.

You collected 103 gold pieces.

Inventory:

Hand Weapons
 a - a +1 sling (weapon)
Armour
 c - a +0 robe (worn)
Scrolls
 b - a scroll of poison
Potions
 d - a potion of brilliance {unknown}
 e - a potion of magic {unknown}


   Skills:
 + Level 1.2 Fighting
 * Level 3.6 Ranged Weapons
 + Level 2.9 Dodging
 + Level 2.2 Spellcasting
 - Level 4.0 Hexes


You had 4 spell levels left.
You knew the following spells:

 Your Spells              Type           Power      Damage    Failure   Level
a - Slow                  Hex            60%        N/A       3%          1
b - Summon Small Mammal   Summ           4%         N/A       19%         1

Your spell library contained the following spells:

 Spells                   Type           Power      Damage    Failure   Level
 Apportation              Tloc           2%         N/A       19%         1
 Necrotise                Necr           4%         1d4       19%         1
 Inner Flame              Hex/Fire       8%         N/A       26%         3
 Portal Projectile        Hex/Tloc       16%        N/A       26%         3
 Cause Fear               Hex            7%         N/A       36%         4


Dungeon Overview and Level Annotations

Branches:
Dungeon (4/15)             Temple (1/1) D:4

Altars:
Ashenzari
Cheibriados
Elyvilon
Fedhas
Gozag
Hepliaklqana
Okawaru
Ru
Vehumet
Xom
Yredelemnul


Message History

There is a staircase to the Ecumenical Temple here.
Casting: Slow (safe; 3% risk of failure)
Confirm with . or Enter, or press ? or * to list all spells.
Aiming: Slow (safe; 3% risk of failure)
Press: ? - help, Shift-Dir - straight line, f - black bear
Aim: a black bear (asleep, chance to affect: 54%)
The black bear growls angrily.
The black bear seems to slow down.
You shoot a sling bullet. The sling bullet hits the black bear!
The black bear is moderately wounded.
You shoot a sling bullet.
The sling bullet closely misses the black bear.
You shoot a sling bullet. The sling bullet hits the black bear!
The black bear is heavily wounded.
You hear the hiss of an avalanche of sand nearby.
You shoot a sling bullet.
The sling bullet barely misses the black bear.
You shoot a sling bullet.
The sling bullet closely misses the black bear.
You shoot a sling bullet.
The sling bullet closely misses the black bear.
You shoot a sling bullet. The sling bullet hits the black bear!
The black bear is almost dead.
The black bear shakes off its lethargy.
The black bear goes berserk!
You shoot a sling bullet. The sling bullet hits the black bear.
The black bear is almost dead.
The black bear bites you but does no damage.
The black bear claws you. x2; The black bear bites you.
The black bear claws you.
* * * LOW HITPOINT WARNING * * *
The black bear closely misses you.
Fire: a) +1 sling
Press: ? - help, Q - select action, (/) - cycle Shift-Dir - straight line, f/p - black bear
Aim: a black bear (almost dead, berserk, 67% to hit)
You shoot a sling bullet. The sling bullet hits the black bear.
The black bear is almost dead.
The black bear misses you. The black bear closely misses you.
The black bear claws you but does no damage.
The black bear misses you. The black bear claws you.
You die...

###⌠...⌠# #
.########.......#
.# ........# .#
..?.....#### .#
........... .#
..........# )#
..........# .#
.......h..# .#
#.@.# .#
#####...# .#
#.......# .#
##.####### .#
#..# .# #.## .#
##.# #########..#
.........#.#


You could see a black bear (berserk).

Vanquished Creatures
  A worm (D:4)
  A dart slug (D:1)
  An endoplasm (D:1)
  3 goblins
  6 hobgoblins
  A quokka (D:4)
  3 ball pythons (D:1)
  4 bats
  A kobold (D:1)
  A rat (D:1)
22 creatures vanquished.

Notes
Turn   | Place    | Note
-------+----------+-------------------------------------------
     0 | D:1      | LustLizard the Deep Elf Arcane Marksman began the quest for
                  | the Orb.
     0 | D:1      | Reached XP level 1. HP: 11/11 MP: 5/5
   415 | D:1      | Reached skill level 1 in Fighting
   423 | D:1      | Reached XP level 2. HP: 16/16 MP: 6/6
   570 | D:1      | Learned a level 1 spell: Summon Small Mammal
   581 | D:1      | Found a faded altar of an unknown god.
  1200 | D:2      | You fall into a shaft and drop 2 floors!
  1202 | D:4      | Noticed a black bear
  1209 | D:4      | Found a broken altar of Ashenzari.
  1240 | D:4      | Reached XP level 3. HP: 14/20 MP: 8/8
  1303 | D:4      | Found a staircase to the Ecumenical Temple.
  1314 | Temple   | Entered the Ecumenical Temple
  1336 | Temple   | Became a worshipper of Hepliaklqana the Forgotten
  1406 | D:4      | Slain by a black bear

Illustrated notes

Levels and vault maps discovered:
D:1:      dpeg_arrival_rhombi, layout_basic,
          dreamdust_ecumenical_altar_hidden_monk_grotto
D:2:      layout_rooms, basic_altar, kennysheep_generic_room_12, uniq_terence
D:4:      layout_basic, mainiacjoe_overflow_paths,
          minmay_temple_entry_antechambers, nicolae_ossuary_entry_giza,
          uniq_edmund
Temple:   mainiacjoe_temple_coin_purse

Skill      XL: |  1  2 |
---------------+-------+-----
Ranged Weapons | 3 |  3.6
Fighting       | 1 |  1.2
Spellcasting   | 2 |  2.2
Dodging        | |  2.9
Hexes          | |  4.0

Action                   || total
-------------------------++-------
 Fire: Sling             ||    82
 Cast: Slow              ||     2
Armor: Robe              ||     8
Dodge: Dodged            ||    27
